 Dungeon Crawl Stone Soup version 0.30.1-3-gfc49f6343a (webtiles) character file.

Game seed: 6677161288772595602

965 Pujin the Chopper (level 7, -5/93 HPs)
             Began as a Minotaur Fighter on July 26, 2023.
             Was an Initiate of Ashenzari.
             Slain by a yak (14 damage)
             ... on level 7 of the Dungeon.
             The game lasted 00:27:46 (3257 turns).

Pujin the Chopper (Minotaur Fighter)                Turns: 3257, Time: 00:27:47

Health: -5/93      AC:  7    Str: 22    XL:     7   Next: 93%
Magic:  6/6        EV: 10    Int:  5    God:    Ashenzari [......]
Gold:   222        SH:  4    Dex: 10    Spells: 6/6 levels left

rFire   . . .        a - +0 war axe
rCold   . . .        c - +0 buckler
rNeg    . . .        b - +0 scale mail
rPois   .            (helmet restricted)
rElec   .            (no cloak)
rCorr   .            (no gloves)
SInv    .            (no boots)
Will    .....        s - amulet of regeneration Stlth
                     l - ring of wizardry
HPRegen 1.15/turn    (no ring)
MPRegen 0.10/turn

%: wizardry (x1)
@: berserking, very quick
A: horns 2, retaliatory headbutt
a: Renounce Religion, Curse Item


You were on level 7 of the Dungeon.
You worshipped Ashenzari.
Ashenzari was noncommittal.
You visited 1 branch of the dungeon, and saw 6 of its levels.

You collected 222 gold pieces.

Inventory:

Hand Weapons
 a - a +0 war axe (weapon)
 f - a +0 dagger
 h - a +0 dagger
 j - a +0 sling
Armour
 b - a +0 scale mail (worn)
 c - a +0 buckler (worn)
Jewellery
 l - a ring of wizardry (left hand)
 s - an amulet of regeneration (around neck)
Wands
 r - a wand of charming (14)
Scrolls
 e - 4 scrolls of identify
 g - a scroll of noise
 i - a scroll of magic mapping {unknown}
 m - 3 scrolls of enchant weapon {unknown}
 n - 7 scrolls of teleportation {unknown}
 p - a scroll of summoning {unknown}
 v - 2 scrolls of fear {unknown}
 w - 2 scrolls of poison {unknown}
 x - a scroll of torment {unknown}
Potions
 d - a potion of might
 k - a potion of curing
 q - a potion of cancellation {unknown}
 t - a potion of flight {unknown}
 u - 2 potions of brilliance (quivered) {unknown}
 z - a potion of haste {unknown}


   Skills:
 + Level 5.6 Fighting
 + Level 7.1 Axes
 + Level 7.1 Armour
 + Level 2.3 Dodging
 + Level 0.6 Stealth
 + Level 4.5 Shields


You had 6 spell levels left.
You didn't know any spells.
Your spell library was empty.

Dungeon Overview and Level Annotations

Branches:
Dungeon (7/15)
 Temple: D:4-7

Altars:
Ashenzari
Hepliaklqana
Makhleb
Sif Muna
Wu Jian
Yredelemnul


Innate Abilities, Weirdness & Mutations

You have a pair of horns on your head.
You reflexively headbutt those who attack you in melee.


Message History

You hit the yak. The yak gores you!
* * * LOW HITPOINT WARNING * * *
The yak gores you.
* * * LOW HITPOINT WARNING * * *
You hit the yak.
The yak is severely wounded.
You slash the yak! The yak gores you but does no damage.
The yak closely misses you.
It was a potion of curing.
You feel better. The yak gores you but does no damage. The yak gores you!
* * * LOW HITPOINT WARNING * * *
You closely miss the yak.
The yak is severely wounded.
You slash the yak! The yak gores you.
* * * LOW HITPOINT WARNING * * *
The yak gores you but does no damage.
It was a potion of berserk rage.
A red film seems to cover your vision as you go berserk!
You feel yourself moving faster!
You feel mighty! The yak gores you.
* * * LOW HITPOINT WARNING * * *
You block the yak's attack.
You slash the yak!
The yak is severely wounded.
You barely miss the yak. The yak gores you.
* * * LOW HITPOINT WARNING * * *
The yak gores you.
* * * LOW HITPOINT WARNING * * *
You slash the yak! Your headbutt misses the yak.
The yak is almost dead.
You barely miss the yak. The yak barely misses you. You block the yak's attack.
You slash the yak!
You kill the yak!
You barely miss the yak. The yak barely misses you.
Your Axes skill increases to level 7!
Your Armour skill increases to level 7!
Unknown command.
You feel a strong urge to attack something.
You slice the yak!!
You kill the yak!
You slash the yak! The yak gores you!
You die...

.## ..# . #.#
♣.##### #.#
♣...... #.#
.♣♣....### #.#
?.....)Y@###.#
.♣♣....#†....#
♣......#####.#
♣.##### #.# #..
. #.# ###...
##.# ###.....
#..# #.....##
#.## ###.......
##.####.........


You could see a yak.

Vanquished Creatures
  3 yaks (D:7)
  A black bear (D:6)
  2 sky beasts
  An ice beast (D:7)
  A howler monkey (D:3)
  An orc priest (D:7)
  2 iguanas (D:6)
  A sleepcap (D:7)
  An orc wizard (D:3)
  7 adders
  An ufetubus (D:6)
  2 worms
  A dart slug (D:1)
  9 orcs
  2 ball pythons
  5 endoplasms
  A giant cockroach (D:1)
  4 goblins
  4 hobgoblins
  6 kobolds
  3 quokkas
  6 bats
  4 frilled lizards
  4 rats
72 creatures vanquished.

Notes
Turn   | Place    | Note
-------+----------+-------------------------------------------
     0 | D:1      | Pujin the Minotaur Fighter began the quest for the Orb.
     0 | D:1      | Reached XP level 1. HP: 19/19 MP: 0/0
    45 | D:1      | Reached XP level 2. HP: 27/27 MP: 1/1
   601 | D:2      | Reached XP level 3. HP: 25/33 MP: 2/2
  1157 | D:2      | Reached XP level 4. HP: 36/40 MP: 3/3
  1452 | D:3      | Found a hazy altar of Hepliaklqana.
  1461 | D:3      | Found a burning altar of Makhleb.
  1461 | D:3      | Found a broken altar of Ashenzari.
  1475 | D:3      | Became a worshipper of Ashenzari the Shackled
  1642 | D:3      | Found a faded altar of an unknown god.
  1645 | D:3      | Found an ornate altar of the Wu Jian Council.
  1686 | D:3      | Found a shimmering blue altar of Sif Muna.
  1686 | D:3      | Found a basalt altar of Yredelemnul.
  1716 | D:3      | Reached XP level 5. HP: 47/47 MP: 4/4
  1936 | D:4      | You fall into a shaft and drop 2 floors!
  1951 | D:6      | Noticed a black bear
  1960 | D:6      | Killed a black bear
  1961 | D:6      | Reached skill level 5 in Axes
  1961 | D:6      | Reached skill level 5 in Armour
  1961 | D:6      | Reached skill level 1 in Dodging
  1961 | D:6      | Reached XP level 6. HP: 31/53 MP: 5/5
  2636 | D:6      | Noticed a sky beast
  2652 | D:6      | Killed a sky beast
  3041 | D:7      | Noticed an ice beast
  3045 | D:7      | Killed an ice beast
  3046 | D:7      | Reached XP level 7. HP: 47/60 MP: 6/6
  3156 | D:7      | Reached skill level 5 in Fighting
  3230 | D:7      | Noticed a yak
  3232 | D:7      | Noticed a yak
  3233 | D:7      | Noticed a yak
  3239 | D:7      | Noticed a yak
  3246 | D:7      | Killed a yak
  3254 | D:7      | Killed a yak
  3257 | D:7      | Killed a yak
  3257 | D:7      | Slain by a yak

Illustrated notes

Levels and vault maps discovered:
D:1:      minmay_arrival_solitary_statue, layout_loops_ring
D:2:      layout_loops_ring, st_stairs_4, kennysheep_potato
D:3:      layout_rooms, nicolae_overflow_ecumenical_swirl,
          gammafunk_temple_overflow_forgotten, gammafunk_temple_overflow_wave
D:4:      layout_basic, nicolae_overflow_hidden_temple,
          minmay_temple_entry_offerings, chequers_serial_rivers_marsh
D:6:      layout_layer_cave
D:7:      layout_rooms, kennysheep_minor_cross, uniq_maggie

Skill      XL: |  1  2  3  4  5  6  7 |
---------------+----------------------+-----
Armour         | 4 5 6 7 |  7.1
Fighting       | 4 5 |  5.6
Shields        | 4 |  4.5
Axes           | 3 4 5 7 |  7.1
Dodging        | 1 2 |  2.3
Stealth        | |  0.6

Action                     |  1- 3 |  4- 6 |  7- 9 || total
---------------------------+-------+-------+-------++-------
  Melee: War axe           |    63 |    89 |    45 ||   197
         Headbutt          |     6 |     8 |     8 ||    22
    Use: Potion            |       |       |     2 ||     2
         Scroll            |       |       |     1 ||     1
 Armour: Scale mail        |    29 |    52 |    19 ||   100
  Dodge: Dodged            |    38 |    41 |    14 ||    93
  Block: Buckler           |    15 |    21 |     6 ||    42
